Map: Last Fantasy LE

Players

Crucial

  • Race: Terran Terran
  • Spawn Location: 7:00

VOD

Have the link to the VOD?

Description

Time

  • Played on: May 17, 2025, 11:27 p.m.
  • Length: 3:25
Show
View Real Time Build Order
Export as new Build Order

Crucial Terran 

Build Orders:  

Get SALT Encoding   

  12  0:00  SCV  
  13  0:17  SCV  
  14  0:25  Supply Depot  
  14  0:34  SCV  
  15  0:55  SCV  
  15  0:58  Barracks  
  16  1:12  SCV  
  16  1:15  Refinery  
  17  1:28  SCV  
  18  1:45  SCV  
  19  2:03  Orbital Command  
  19  2:16  Command Center  
  15  2:20  Marine  
  20  2:43  Factory  
  20  2:48  SCV  
  20  2:49  Marine  
Tags
 
Matchup
Co-op
Replay Pack
zip
Add a new tag
Caveats
  • Supply blocks, unpowered buildings, or Contaminate may cause inaccurate times.
  • Supply counts are checked every 10 seconds.